[Event "*** SCC Grand Prix: Titled Tuesday Blitz"]
[Site "Chess.com"]
[Date "2020.10.13"]
[Round "6"]
[White "WuinaterJr"]
[Black "RobertoJBM"]
[Result "0-1"]
[WhiteElo "2527"]
[BlackElo "2710"]
[TimeControl "180+1"]
[EndTime "11:07:54 PDT"]
[Termination "RobertoJBM won by resignation"]

1. d4 c6 2. e4 d5 3. Nc3 dxe4 4. Nxe4 Nd7 5. Nf3 Ngf6 6. Nxf6+ Nxf6 7. Bd3 Bg4 8. c3 Qd5 9. h3 Bxf3 10. Qxf3 Qxf3 11. gxf3 e6 12. Bg5 Be7 13. O-O-O Nd5 14. Be3 b5 15. Rhg1 g6 16. Kb1 a5 17. c4 bxc4 18. Bxc4 Kd7 19. Bxd5 cxd5 20. Rc1 Rhc8 21. Rxc8 Rxc8 22.
Rc1 Rb8 23. Rc2 Rb4 24. a3 Rb3 25. Kc1 Bd6 26. Kd2 f6 27. Ke2 e5 28. Rd2 Ke6 29.
Rc2 a4 30. Rd2 exd4 31. Bxd4 Be5 32. Bxe5 fxe5 33. Rc2 d4 34. Rc6+ Kd5 35. Ra6 Rxb2+ 36. Ke1 Rb3 37. Rxa4 Rxf3 38. h4 Rh3 39. Ra5+ Ke4 40.
Ke2 Rb3 41. Ra8 Rb2+ 42. Kf1 Ra2 43. Ra7 d3 44. Ke1 Kf3 45. Rf7+ Kg4 46. Rxh7 Rxa3 47.
Re7 Kf4 48. Kd2 Ke4 49. f3+ Kf5 50. Ke3 d2+ 51. Kxd2 Rxf3 52. Ke2 Rh3 53. Rh7 Kf4 54. Rh6 Rh2+ 55. Ke1 e4 56. Rxg6 Kf3 57. Rf6+ Ke3 58. Kd1 Rh1+ 59. Kc2 Rxh4 60. Rg6 Kf2 61. Kd2 e3+ 62.
Kd3 e2 63. Rf6+ Ke1 64. Kc2 Rd4 65. Rf8 Rd7 66. Kb2 Kd2 0-1

[Event "*** SCC Grand Prix: Titled Tuesday Blitz"]
[Site "Chess.com"]
[Date "2020.10.13"]
[Round "6"]
[White "simplerXiao"]
[Black "nitpicker"]
[Result "1/2-1/2"]
[WhiteElo "2418"]
[BlackElo "2290"]
[TimeControl "180+1"]
[EndTime "11:07:54 PDT"]
[Termination "Game drawn by stalemate"]

1. e4 d5 2. exd5 Qxd5 3. Nc3 Qd8 4. d4 Nf6 5. Bc4 a6 6. Nge2 b5 7. Bb3 c5 8. dxc5 Qxd1+ 9. Nxd1 e6 10. a4 b4 11. O-O Bxc5 12. h3 Bb7 13. Be3 Nbd7 14. a5 Rb8 15. Ba4 O-O 16. Nd4 Rfc8 17.
Nb3 Be7 18. c3 Ne5 19. Bf4 Bd6 20. Kh1 Nd5 21. Bh2 bxc3 22. bxc3 Nxc3 23. Nxc3 Rxc3 24. Rfd1 Bd5 25. Nd4 Rxh3 26. Kg1 Rh5 27. Bg3 h6 28. Ne2 Nc4 29. Nf4 Rf5 30. Nxd5 Rxd5 31. Rxd5 exd5 32. Bxd6 Nxd6 33. Rd1 Rb4 34. Bc6 d4 35. f4 f5 36.
Kf2 Ne4+ 37. Kf3 Rb3+ 38. Ke2 Nc3+ 39. Kd2 Rb2+ 40. Kc1 Nxd1 41. Bd5+ Kf8 42. Kxd1 Rf2 43. g3 Rh2 44. Ke1 Rb2 45. Bc4 Rb4 46. Bxa6 Ra4 47. Bd3 Rxa5 48. Kd2 Rd5 49. Bc2 Rd6 50. Kd3 Ke7 51.
Bb3 Kf6 52. Bc4 g5 53. Bg8 gxf4 54. gxf4 Kg6 55. Bb3 Kh5 56. Bd1+ Kh4 57. Bf3 Kg3 58.
Bh5 Kxf4 59. Bf7 Kg3 60. Bh5 f4 61. Bd1 f3 62. Ke4 f2 63. Be2 Kg2 64. Bf1+ Kxf1 65. Kf3 Ke1 66. Kg3 f1=Q 67. Kh2 Qf2+ 68. Kh3 Rg6 1/2-1/2

[Event "*** SCC Grand Prix: Titled Tuesday Blitz"]
[Site "Chess.com"]
[Date "2020.10.13"]
[Round "6"]
[White "PowerThinking2650"]
[Black "RamyresCoelho"]
[Result "1-0"]
[WhiteElo "2374"]
[BlackElo "2077"]
[TimeControl "180+1"]
[EndTime "11:07:54 PDT"]
[Termination "PowerThinking2650 won on time"]

1. e4 c5 2. Nf3 d6 3. d4 cxd4 4. Nxd4 Nf6 5. Nc3 a6 6. Bc4 e6 7. O-O Be7 8. Bb3 O-O 9. f4 b5 10. f5 e5 11. Nde2 Bb7 12. Ng3 Nbd7 13. Bg5 Nc5 14.
Bxf6 Bxf6 15. Nd5 Nxb3 16. axb3 Bxd5 17. Qxd5 Qc7 18. c3 Qc5+ 19. Qxc5 dxc5 20. Rfd1 Rfd8 21. Rxd8+ Bxd8 22. Kf2 Bh4 23. Rd1 Bxg3+ 24. Kxg3 f6 25. Rd7 Rc8 26. Rd6 a5 27. Ra6 a4 28. bxa4 bxa4 29. Rxa4 Rb8 30. b4 cxb4 31. Rxb4 Rd8 32. Rc4 Rd3+ 33. Kf2 Rd2+ 34. Kf3 Rd3+ 35. Ke2 Rd7 36.
Rb4 Kf7 37. Rb2 Ke7 38. Rd2 Rc7 39. Kd3 Rd7+ 40. Kc2 Rc7 41. Rd5 Rc4 42. Kd3 Ra4 43. Rb5 Ra2 44. Rb7+ Kf8 45. c4 Rxg2 46. c5 Rxh2 47.
c6 Rh3+ 48. Kc4 Rh1 49. Kd5 Ke8 50. Rb8+ Ke7 51. Rb7+ Kd8 52. Rxg7 h5 53. Ke6 h4 54.
Kxf6 h3 55. Kxe5 h2 56. Rh7 Rc1 57. Rxh2 Rxc6 58. Kf4 Ke7 59. Rh7+ Kf8 60. e5 Kg8 61.
Ra7 Rc4+ 62. Kg5 Rc2 63. e6 Rg2+ 64. Kf6 Kh8 65. e7 Rg8 66. Rd7 Re8 67. Rd8 Kh7 68. Rxe8 1-0

[Event "*** SCC Grand Prix: Titled Tuesday Blitz"]
[Site "Chess.com"]
[Date "2020.10.13"]
[Round "6"]
[White "SanchezKelvin"]
[Black "Jabberwockiez"]
[Result "0-1"]
[WhiteElo "2386"]
[BlackElo "2246"]
[TimeControl "180+1"]
[EndTime "11:07:55 PDT"]
[Termination "Jabberwockiez won on time"]

1. d4 Nf6 2. c4 e6 3. Nf3 Bb4+ 4. Bd2 a5 5. g3 d5 6. Bg2 dxc4 7. O-O O-O 8. Qc2 b5 9. a4 c6 10. Ne5 Bxd2 11.
Nxd2 Ra6 12. e3 Nd5 13. Ne4 f6 14. Nf3 Nb4 15. Qe2 Nd7 16. Rfc1 Nd3 17. Rc2 Nb6 18. Nc3 b4 19. Ne4 b3 20. Rc3 Qe7 21. Ne1 Nxe1 22.
Qxe1 Ra7 23. Bf1 Ba6 24. Nc5 Nd5 25. Rcc1 c3 26. Ra3 cxb2 27. Rb1 Bxf1 28. Qxf1 e5 29. Qc4 exd4 30. e4 Re8 31. exd5 Qe1+ 32. Qf1 Qb4 33.
Rxb3 Qxc5 34. dxc6 Qxc6 35. R1xb2 Rae7 36. Rb1 Qc2 37. Qd3 Re1+ 38. Rxe1 Rxe1+ 39. Kg2 Qc6+ 40. f3 Qxa4 41. Rb8+ Kf7 42. Qf5 Qa2+ 43. Kh3 Qe6 44. Rb7+ Kf8 45. Rb8+ Ke7 46. Rb7+ Kf8 47. Rb8+ Kf7 48.
Rb7+ Ke8 49. Rb8+ Kd7 50. Rb7+ Kc6 51. Qxe6+ Rxe6 52. Rxg7 d3 0-1

[Event "*** SCC Grand Prix: Titled Tuesday Blitz"]
[Site "Chess.com"]
[Date "2020.10.13"]
[Round "6"]
[White "Pashinskiy_Mikhail"]
[Black "shrek4life02"]
[Result "0-1"]
[WhiteElo "2353"]
[BlackElo "2582"]
[TimeControl "180+1"]
[EndTime "11:07:56 PDT"]
[Termination "shrek4life02 won by checkmate"]

1. e4 c6 2. d4 d5 3. e5 Bf5 4.
Nd2 e6 5. Nb3 Bg6 6. Nf3 Ne7 7.
Be2 Nf5 8. O-O Be7 9. a4 O-O 10. a5 Nd7 11. c4 dxc4 12. Bxc4 b5 13. Be2 Rc8 14. h3 a6 15. Bf4 c5 16. d5 exd5 17.
Qxd5 c4 18. Nbd4 Nxd4 19. Nxd4 Nc5 20. Nc6 Be4 21. Qxe4 Nxe4 22. Nxd8 Rfxd8 23. Rfd1 Bb4 24. Bf3 Nc5 25. Bg4 Ne6 26. Be3 h6 27. Bb6 Rxd1+ 28. Rxd1 c3 29. bxc3 Bxc3 30. f4 h5 31. Bxh5 Nxf4 32.
Bf3 b4 33. Bb7 Rb8 34. Bxa6 b3 35. Bc4 b2 36. Ba2 Ra8 37. Rd8+ Rxd8 38. Bxd8 Nd5 39. Kf2 Bxe5 40. Ke2 Nc3+ 41. Kd3 Nxa2 42. Kc2 Nb4+ 43. Kb1 Na6 44. Bb6 f5 45. Be3 Kf7 46. Bd2 Ke6 47. Bg5 g6 48. Bd8 Kd5 49. Bb6 Kc4 50. g4 f4 51. Bf2 Kb3 52. h4 Nc5 53. h5 Ne4 54.
Be1 Bc3 55. hxg6 Bxe1 56. g7 Nc3# 0-1

[Event "*** SCC Grand Prix: Titled Tuesday Blitz"]
[Site "Chess.com"]
[Date "2020.10.13"]
[Round "6"]
[White "NewBornNow"]
[Black "VerdeNotte"]
[Result "0-1"]
[WhiteElo "2650"]
[BlackElo "2835"]
[TimeControl "180+1"]
[EndTime "11:07:57 PDT"]
[Termination "VerdeNotte won by resignation"]

1. e4 c5 2. Nf3 d6 3. d4 cxd4 4.
Nxd4 Nf6 5. Nc3 g6 6. Be3 Nc6 7. f3 Bg7 8. Qd2 O-O 9. Bc4 Bd7 10. Bb3 Rc8 11. O-O-O Nxd4 12. Bxd4 b5 13. Kb1 a5 14. a3 b4 15. axb4 axb4 16. Na2 Qa5 17. Qxb4 Qa6 18. Qb6 Qa8 19. Qa7 Qxa7 20. Bxa7 Be6 21. Bxe6 fxe6 22. Bd4 e5 23. Bc3 Bh6 24. Rd3 Nd7 25.
Bb4 Rb8 26. b3 Kf7 27. Ba3 Ke6 28. Nc3 Nb6 29. Nd5 Rfc8 30. Nxb6 Rxb6 31. Rhd1 Bf4 32. h3 h5 33. Kb2 h4 34. Rd5 Be3 35. c3 Rcb8 36.
b4 Rh8 37. Kb3 Rh5 38. Bc1 Bxc1 39. Rxc1 Rg5 40. Rc2 Rg3 41. b5 Kd7 42. Kb4 g5 43. c4 g4 44. hxg4 h3 45. gxh3 Rxf3 46. c5 Rb8 47. cxd6 exd6 48. Rc6 Rxh3 49. Rdxd6+ Ke7 50. Re6+ Kf7 51. Rxe5 Rh1 52. Rf5+ Ke7 53. b6 Rb1+ 54.
Kc5 Rc1+ 55. Kd5 Rd8+ 56. Ke5 Rxc6 57. b7 Rc5+ 0-1

[Event "*** SCC Grand Prix: Titled Tuesday Blitz"]
[Site "Chess.com"]
[Date "2020.10.13"]
[Round "6"]
[White "emiliocordova"]
[Black "temus_galaktionov"]
[Result "1-0"]
[WhiteElo "2831"]
[BlackElo "2637"]
[TimeControl "180+1"]
[EndTime "11:07:57 PDT"]
[Termination "emiliocordova won by resignation"]

1. d4 c6 2. Nf3 g6 3. g3 d6 4. Bg2 Nd7 5. O-O Bg7 6. e4 e5 7.
Nbd2 Ngf6 8. Nc4 Nxe4 9. Re1 d5 10. Rxe4 dxe4 11. Nd6+ Kf8 12. Ng5 Qe7 13. Ndxf7 Rg8 14. dxe5 h6 15. e6 hxg5 16. exd7 Qxd7 17. Qxd7 Bxd7 18.
Nxg5 Bf5 19. Bxe4 Rd8 20. Be3 Bxe4 21. Nxe4 b6 22. c3 Rd5 23. a4 Kf7 24. h4 Rgd8 25. Kg2 Rd1 26. Ra2 R8d5 27. c4 Re5 28. Ng5+ Ke8 29. b4 Bf8 30. b5 Kd7 31. a5 Bc5 32. axb6 axb6 33. Ra7+ Kc8 34. Bf4 Re2 35. Rc7+ Kd8 36.
Kh3 cxb5 37. cxb5 Ke8 38. f3 Rd7 39. Rc8+ Ke7 40. Rc6 Rd3 41. Rxg6 Rb3 42. h5 Re1 43. h6 Rh1+ 44. Kg4 Rxb5 45. Be5 Rb4+ 46. f4 Bd4 47. Rg7+ Ke8 48. Bxd4 Rxd4 49. h7 b5 50. Rg8+ Kd7 51. h8=Q Rxh8 52. Rxh8 b4 53. Rb8 Kc6 54. Nf7 Kc7 55.
Rb5 Kc6 56. Rb8 Kc7 57. Ra8 b3 58. Ra1 Rd2 59. Rb1 b2 60. Ne5 Kd8 61. Nc4 Rd4 62.
Nxb2 Rb4 63. Rd1+ 1-0

[Event "*** SCC Grand Prix: Titled Tuesday Blitz"]
[Site "Chess.com"]
[Date "2020.10.13"]
[Round "6"]
[White "biostatistician"]
[Black "TokChess"]
[Result "1/2-1/2"]
[WhiteElo "2559"]
[BlackElo "2402"]
[TimeControl "180+1"]
[EndTime "11:07:57 PDT"]
[Termination "Game drawn - insufficient material"]

1. d4 d5 2. Nf3 Nf6 3. c4 c6 4. cxd5 cxd5 5. Nc3 a6 6. Bf4 e6 7.
Rc1 Nc6 8. e3 Bd6 9. Bxd6 Qxd6 10. Be2 O-O 11. O-O Bd7 12. a3 Rfc8 13. b4 e5 14. dxe5 Nxe5 15. Qd4 Nc4 16. Nxd5 Qxd5 17. Qxd5 Nxd5 18. Bxc4 Nb6 19. Bb3 Bb5 20. Rfd1 Bc4 21. Nd4 Bxb3 22. Nxb3 Nc4 23. Rd7 b5 24. Ra1 Rd8 25.
Rxd8+ Rxd8 26. Nc5 Nxa3 27. Nxa6 Nc2 28. Rc1 Rd2 29.
g4 g6 30. h4 Kg7 31. g5 h6 32. gxh6+ Kxh6 33. Nc7 Nxb4 34. Nxb5 Rxf2 35. Kxf2 Nd3+ 36.
Kf3 Nxc1 37. Nd6 Kg7 38. e4 Nd3 39. Nc4 Kf6 40. Kg4 Ne5+ 41. Nxe5 Kxe5 42. Kf3 Ke6 43. Kf4 Kf6 44. e5+ Ke7 45. Ke3 Kd7 46. Kd3 Ke7 47.
Ke3 Kf8 48. Kf4 Kg7 49. Kg5 Kh7 50. h5 gxh5 51. Kxh5 Kg7 52. Kg5 Kf8 53. Kf6 Ke8 54.
e6 fxe6 55. Kxe6 1/2-1/2

[Event "*** SCC Grand Prix: Titled Tuesday Blitz"]
[Site "Chess.com"]
[Date "2020.10.13"]
[Round "6"]
[White "Flopezin"]
[Black "UCantHandleDenker"]
[Result "1-0"]
[WhiteElo "2356"]
[BlackElo "2526"]
[TimeControl "180+1"]
[EndTime "11:07:59 PDT"]
[Termination "Flopezin won by resignation"]

1. c4 d6 2. d4 Nf6 3. Nc3 Nbd7 4. g3 e5 5. Bg2 Be7 6. Nf3 O-O 7. O-O c6 8. b3 Re8 9. d5 cxd5 10. Nxd5 Nxd5 11. Qxd5 Nc5 12. Bb2 Be6 13. Qd2 h6 14.
Rfd1 Qc7 15. Rac1 a5 16. Ne1 Rad8 17. Nd3 b6 18. Qc3 Bf6 19. e4 Bg4 20. f3 Bc8 21.
Rc2 Bb7 22. Bc1 Be7 23. Be3 Bf8 24. Rcd2 Ne6 25. Nb2 Bc6 26. Bh3 Nc5 27. Bxc5 dxc5 28. Rd5 Bxd5 29. cxd5 b5 30. Bf1 Rb8 31. Rc1 Bd6 32.
Nd3 Qb6 33. Kg2 Rec8 34. Nxe5 c4 35. Nd7 Qd8 36. Nxb8 Rxb8 37. bxc4 bxc4 38. Bxc4 Bb4 39. Qd3 Qf6 40. Rb1 Rc8 41. f4 Qg6 42. Rd1 Qb6 43. e5 Qc5 44. Bb3 Rd8 45. d6 Kf8 46. Qd5 Qxd5+ 47.
Rxd5 f6 48. exf6 gxf6 49. d7 Ke7 50. Ba4 Rb8 51. Rh5 Ke6 52. Rxh6 Be7 53. Rh5 Rb2+ 54. Kf3 Rxa2 55. Bb3+ Kxd7 56. Bxa2 1-0

[Event "*** SCC Grand Prix: Titled Tuesday Blitz"]
[Site "Chess.com"]
[Date "2020.10.13"]
[Round "6"]
[White "Sergienko_Sergey"]
[Black "Vision_64"]
[Result "1-0"]
[WhiteElo "2401"]
[BlackElo "2222"]
[TimeControl "180+1"]
[EndTime "11:08:01 PDT"]
[Termination "Sergienko_Sergey won on time"]

1. e4 c5 2. Nf3 Nc6 3. Bb5 g6 4. Bxc6 dxc6 5. d3 Bg7 6. Nc3 e5 7. Be3 b6 8. h3 Ne7 9. Qd2 O-O 10.
Bh6 f6 11. Bxg7 Kxg7 12. O-O Be6 13. b3 Qd7 14. Ne2 Rad8 15. Qe3 Nc8 16. Nh2 Nd6 17.
f4 Nb5 18. fxe5 fxe5 19. Rxf8 Rxf8 20. Rf1 Rxf1+ 21. Nxf1 Nd4 22. Neg3 Nxc2 23. Qg5 h6 24. Qxe5+ Kh7 25. Kh2 Ne1 26. Ne3 Nxd3 27. Qf6 Qf7 28. Qd8 Ne5 29. Qd6 Nd7 30. Qxc6 Nf6 31. e5 Nd7 32. Qc7 a5 33. Nc4 Bxc4 34. bxc4 Qe6 35. Qd6 Qxd6 36. exd6 Kg7 37. Ne4 Kf7 38. Kg3 Ke6 39.
Kf4 Nb8 40. h4 Nc6 41. g4 Nd8 42. g5 hxg5+ 43. Kxg5 Nf7+ 44. Kxg6 Ne5+ 45. Kg7 Nxc4 46. h5 Ne5 47. h6 Nd7 48. h7 Ke5 49. h8=Q Kxe4 50.
Kf7 Ne5+ 51. Ke6 1-0

[Event "*** SCC Grand Prix: Titled Tuesday Blitz"]
[Site "Chess.com"]
[Date "2020.10.13"]
[Round "6"]
[White "TigrVShlyape"]
[Black "ChessWarrior7197"]
[Result "0-1"]
[WhiteElo "2845"]
[BlackElo "3036"]
[TimeControl "180+1"]
[EndTime "11:08:02 PDT"]
[Termination "ChessWarrior7197 won on time"]

1. d4 d5 2. Nf3 Nf6 3. Bf4 c5 4. e3 Nc6 5. Nbd2 Qb6 6. dxc5 Qxb2 7. Rb1 Qc3 8. Bd3 g6 9. Rb3 Qxc5 10. c4 Bg7 11.
O-O O-O 12. Qb1 a6 13. cxd5 Qxd5 14. Nc4 Qh5 15. Nb6 e5 16. Nxa8 exf4 17. Nb6 fxe3 18.
Nxc8 exf2+ 19. Rxf2 Rxc8 20. Rxb7 Ng4 21. Rc2 Bd4+ 22.
Kh1 Rd8 23. Be4 Nce5 24. Rb8 Rxb8 25. Qxb8+ Kg7 26. h3 Nxf3 27. Bxf3 Qh4 28. Re2 Nf2+ 29. Kh2 Qf6 30. Re8 Kh6 31. Qd8 Qf4+ 32. g3 Qd2 33. Re2 Ng4+ 34. Kg2 Ne3+ 35. Kh2 Nf1+ 36. Kg2 Ne3+ 37.
Kh2 Qd1 38. Rxe3 Qd2+ 39. Re2 Bg1+ 40. Kxg1 Qxd8 41. Kg2 Qd3 42. h4 Qa3 43. Rf2 Kg7 44.
Re2 h5 45. Rf2 a5 46. Re2 f6 47.
Rf2 Kh6 48. Re2 g5 49. hxg5+ fxg5 50. Re6+ Kg7 51. Re2 Kg6 52. Rf2 g4 53. Be4+ Kg7 0-1

[Event "*** SCC Grand Prix: Titled Tuesday Blitz"]
[Site "Chess.com"]
[Date "2020.10.13"]
[Round "6"]
[White "ftorodent"]
[Black "alexgo05"]
[Result "1-0"]
[WhiteElo "2680"]
[BlackElo "2440"]
[TimeControl "180+1"]
[EndTime "11:08:02 PDT"]
[Termination "ftorodent won by checkmate"]

1. d4 Nf6 2. c4 g6 3. Nc3 Bg7 4. e4 d6 5. Nf3 O-O 6. Be2 e5 7.
Be3 Na6 8. O-O Ng4 9. Bg5 Qe8 10.
d5 f5 11. Nd2 Nf6 12. f3 f4 13. Bh4 h6 14. Bf2 g5 15. Rb1 Qg6 16. Kh1 h5 17. b4 g4 18. Re1 g3 19. Bg1 gxh2 20. Bxh2 h4 21. c5 Nh5 22. Bxa6 bxa6 23. Nc4 Ng3+ 24.
Kg1 h3 25. Qd2 Kf7 26. b5 Rh8 27. cxd6 cxd6 28. Bxg3 Qxg3 29. Nxd6+ Ke7 30. Nf5+ Bxf5 31. exf5 Rac8 32. Ne4 Qxg2+ 33. Qxg2 hxg2 34. bxa6 Rc2 35. Nf2 Bf6 36. Kxg2 Bh4 37. Rxe5+ Kd6 38. Re6+ Kxd5 39. Rd1+ Kc5 40. Rf1 Rg8+ 41. Rg6 Rf8 42. Rg4 Bg3 43. Kg1 Kd4 44. Ne4 Ke3 45. f6 Rf7 46.
Rg7 Bh2+ 47. Kh1 Rf8 48. f7 Rh8 49. Rg8 Bg3+ 50. Rxh8 Rf2 51. Rxf2 Bxf2 52. Nxf2 Kxf3 53. f8=Q Kxf2 54. Qxf4+ Ke1 55. Rh2 Kd1 56. Qf1# 1-0

[Event "*** SCC Grand Prix: Titled Tuesday Blitz"]
[Site "Chess.com"]
[Date "2020.10.13"]
[Round "6"]
[White "dopolian"]
[Black "ElMosho7u7r"]
[Result "0-1"]
[WhiteElo "2404"]
[BlackElo "2150"]
[TimeControl "180+1"]
[EndTime "11:08:03 PDT"]
[Termination "ElMosho7u7r won by resignation"]

1. Nf3 d5 2. c4 Nf6 3. cxd5 Nxd5 4. e4 Nb6 5. d4 c6 6. h3 g6 7. Nc3 Bg7 8. Be2 O-O 9. Be3 a5 10. O-O Na6 11. a3 Be6 12. Rc1 Nc4 13. Qc2 Nxe3 14. fxe3 Qb6 15. e5 Rad8 16. Ng5 Bb3 17. Qb1 Bxe5 18.
Bxa6 bxa6 19. Nce4 Bg7 20. Nc5 h6 21. Nf3 a4 22.
Rc3 Rd5 23. Rfc1 Rfd8 24. Nxb3 axb3 25. Rxc6 Qb5 26. R6c5 Qe2 27. Re1 Qxe1+ 28. Qxe1 Rxc5 29. dxc5 Bxb2 30. Qb4 Rd3 31. Kf2 Bc1 32. Ne1 Rd2+ 33.
Kg3 b2 34. Nf3 Rd3 35. e4 Rd1 36. c6 Bf4+ 37. Kxf4 b1=Q 38. Qxb1 Rxb1 39. Nd4 Kf8 40. e5 e6 41. c7 Rc1 42. Ke4 Rxc7 43. Kf3 Rc4 44. Ne2 Ra4 45. Nf4 Rxa3+ 46. Ke4 g5 47. Nd3 Ra4+ 48. Ke3 Ra3 49. Kd4 Rxd3+ 50. Kxd3 h5 51. g4 hxg4 52. hxg4 Ke7 53. Kc4 Kd7 54.
Kc5 Kc7 55. Kb4 Kc6 56. Kc4 a5 0-1

[Event "*** SCC Grand Prix: Titled Tuesday Blitz"]
[Site "Chess.com"]
[Date "2020.10.13"]
[Round "6"]
[White "yourstrulyme"]
[Black "Larina_Marija"]
[Result "1-0"]
[WhiteElo "2423"]
[BlackElo "2262"]
[TimeControl "180+1"]
[EndTime "11:08:04 PDT"]
[Termination "yourstrulyme won on time"]

1. d4 f5 2. Nf3 Nf6 3. g3 g6 4. Bg2 Bg7 5. O-O O-O 6. c4 d6 7. Nc3 Nc6 8. d5 Na5 9. b3 c5 10. Qc2 a6 11. a4 b5 12. axb5 axb5 13. Nxb5 Nxd5 14. Ra4 Nb4 15. Rxb4 cxb4 16. Ng5 Bb7 17. Ne6 Qd7 18. Nxf8 Kxf8 19. e4 Kg8 20. Rd1 Rc8 21. Nd4 fxe4 22. Bxe4 Bxe4 23. Qxe4 Bxd4 24. Qxd4 Nxb3 25.
Qb6 Nxc1 26. Rxc1 Qe6 27. Qxb4 Rc5 28. Qb8+ Kg7 29. Qb2+ Qf6 30. Qd2 h5 31. Rc3 h4 32.
Kg2 d5 33. Rf3 h3+ 34. Kxh3 Qxf3 35. Qd4+ Kf7 36. Qxc5 Qf5+ 37. Kg2 Qe4+ 38. Kg1 Qxc4 39. Qe3 d4 40. Qf4+ Ke6 41. Qe4+ Kf6 42. h4 e5 43. Kg2 Qc3 44. g4 Kg7 45. g5 Qc5 46.
Kf3 Qd6 47. Kg4 Qd7+ 48. Kg3 Qf5 49. Qb7+ 1-0

[Event "*** SCC Grand Prix: Titled Tuesday Blitz"]
[Site "Chess.com"]
[Date "2020.10.13"]
[Round "6"]
[White "Harsha_Bharathakoti"]
[Black "SergeyKarjakin"]
[Result "1/2-1/2"]
[WhiteElo "2776"]
[BlackElo "2902"]
[TimeControl "180+1"]
[EndTime "11:08:09 PDT"]
[Termination "Game drawn by repetition"]

1. d4 Nf6 2. c4 e6 3. Nc3 Bb4 4. f3 d5 5. a3 Bxc3+ 6. bxc3 c6 7. e3 O-O 8. Bd3 b6 9. Ne2 Ba6 10. cxd5 Bxd3 11. Qxd3 cxd5 12. O-O Qc8 13. e4 Qa6 14. Qe3 Nc6 15. e5 Nd7 16. Ng3 Rae8 17. a4 f6 18. exf6 Nxf6 19. Ba3 Rf7 20. Bd6 Na5 21. Be5 Nc4 22. Qg5 Qb7 23. Rae1 a5 24. f4 Nd2 25.
Bxf6 Nxf1 26. Nh5 Nd2 27. Be5 Ne4 28. Qg4 Qd7 29. c4 g6 30. h3 Qxa4 31. cxd5 exd5 32. Ng3 Qd7 33. Qf3 Nxg3 34. Qxg3 a4 35. Kh2 b5 36.
Qa3 h5 37. Rb1 Kh7 38. Qc5 Rc8 39. Qb4 Qc6 40. Qa5 Rb7 41. f5 gxf5 42. Qd2 Qg6 43. Rf1 b4 44. Rf3 b3 45. Rg3 Qf7 46. Qg5 b2 47. Bf6 Rc6 48. Qxf5+ Kh6 49. Qg5+ Kh7 50. Qf5+ Kh6 51. Qg5+ Kh7 52. Qf5+ 1/2-1/2

[Event "*** SCC Grand Prix: Titled Tuesday Blitz"]
[Site "Chess.com"]
[Date "2020.10.13"]
[Round "6"]
[White "MaxLeto"]
[Black "Triumphmate"]
[Result "1-0"]
[WhiteElo "2315"]
[BlackElo "2431"]
[TimeControl "180+1"]
[EndTime "11:08:10 PDT"]
[Termination "MaxLeto won by checkmate"]

1. g4 d5 2. Bg2 Bxg4 3. c4 c6 4. Qb3 Qc8 5. cxd5 cxd5 6. Nc3 e6 7. Nxd5 exd5 8. Bxd5 Nc6 9. Bxf7+ Kd8 10. Bxg8 Nd4 11. Qd5+ Qd7 12. Rb1 Bf5 13. d3 Bb4+ 14. Bd2 Bxd2+ 15.
Kxd2 Rc8 16. Nf3 Rc2+ 17. Kd1 Nxf3 18. Kxc2 Nd4+ 19. Kd2 Ke7 20. Qxd7+ Kxd7 21. Bd5 Re8 22. e3 Ne6 23. Rbc1 Nd8 24. e4 Bg6 25. f4 Rf8 26. f5 Bh5 27. Rhg1 g6 28. Rg5 Kd6 29.
fxg6 Bxg6 30. h4 Rf2+ 31. Kc3 Rh2 32. Rf1 Rxh4 33. Rf6+ Ke7 34. Rf2 Rh1 35. Kd4 Rc1 36.
Ke5 Nc6+ 37. Bxc6 Rxc6 38. d4 Ra6 39. d5 Rxa2 40. Rf6 Ra4 41. Re6+ Kd7 42. Kf6 Bxe4 43. Rg7+ Kd8 44. Rd6+ Kc8 45. Re6 Kd8 46. d6 Bd5 47.
Re5 Bb3 48. d7 Rf4+ 49. Kg5 Rf8 50. Rc5 Rf7 51. Rxf7 Bxf7 52. Kf6 Be6 53. Kxe6 b6 54. Rc8# 1-0

[Event "*** SCC Grand Prix: Titled Tuesday Blitz"]
[Site "Chess.com"]
[Date "2020.10.13"]
[Round "6"]
[White "KatarinaOstojic"]
[Black "aisha_zakirova"]
[Result "0-1"]
[WhiteElo "2308"]
[BlackElo "2176"]
[TimeControl "180+1"]
[EndTime "11:08:10 PDT"]
[Termination "aisha_zakirova won by checkmate"]

1. e4 c5 2. Nf3 d6 3. Bb5+ Bd7 4. Bxd7+ Qxd7 5. c4 g6 6. d4 cxd4 7. Nxd4 Bg7 8. Nc3 Nc6 9. Be3 Nf6 10. f3 O-O 11. O-O a6 12. Qd3 Ne5 13. Qe2 Rac8 14. b3 b5 15. Nd5 Nxd5 16. cxd5 Rc3 17. Rac1 Rfc8 18. Qd2 Rd3 19. Qe2 h5 20. f4 Bh6 21.
Kh1 Rdc3 22. fxe5 Rxe3 23. Rxc8+ Qxc8 24. Qf2 Qf8 25. exd6 Rxe4 26. d7 Rf4 27. Qg1 Rxf1 28. Qxf1 Qd8 29. Nc6 Qxd7 30. Qe2 Bg5 31. Qe4 e6 32.
Nb4 a5 33. Nd3 exd5 34. Qe5 Qg4 35. h3 Qd1+ 36. Kh2 Qxd3 37. Qxg5 d4 38. Qd8+ Kh7 39.
Qxa5 Qe3 40. Qc7 Kg7 41. Qc5 Qf4+ 42. Kg1 Qe4 43. Qxb5 d3 44. Qd7 Qe1+ 45. Kh2 d2 46. Qd4+ Kh7 47. Qf6 d1=Q 48. Qxf7+ Kh6 49. Qf6 Qg1+ 50.
Kg3 Qd3+ 51. Kh4 Qe1+ 52. g3 Qexg3# 0-1

[Event "*** SCC Grand Prix: Titled Tuesday Blitz"]
[Site "Chess.com"]
[Date "2020.10.13"]
[Round "6"]
[White "ChronicUnhappiness"]
[Black "catzapto"]
[Result "1-0"]
[WhiteElo "2355"]
[BlackElo "2156"]
[TimeControl "180+1"]
[EndTime "11:08:11 PDT"]
[Termination "ChronicUnhappiness won on time"]

1. d4 Nf6 2. c4 e6 3. Nc3 c6 4. e4 d5 5. e5 Nfd7 6. cxd5 cxd5 7. f4 Nc6 8. Nf3 Qb6 9. Be2 f6 10. O-O fxe5 11. fxe5 Be7 12. Be3 Ndxe5 13. Nxe5 Nxe5 14.
Bb5+ Bd7 15. Qh5+ Ng6 16. Bxd7+ Kxd7 17. Nxd5 exd5 18. Qxd5+ Ke8 19. Bg5 Rf8 20. Rxf8+ Kxf8 21. Bxe7+ Nxe7 22. Rf1+ Ke8 23. Re1 Rd8 24. Qg8+ Kd7 25. Qxg7 Qd6 26. d5 Re8 27. Qg4+ Kd8 28. Qa4 Qd7 29.
Qxa7 Kc7 30. d6+ Kxd6 31. Rd1+ Nd5 32. Qd4 Qe6 33. h3 Qe3+ 34. Qxe3 Rxe3 35. Rd4 Re2 36. Rh4 Rxb2 37. Rxh7 Kc6 38. h4 Ne3 39. Rg7 Rxa2 40. h5 b5 41. h6 Nf5 42. h7 Ra1+ 43. Kh2 Nxg7 44. h8=Q Ra6 45. Qxg7 Kb6 46. Qb2 Ka5 47.
g4 b4 48. Kg3 Kb5 49. Kf4 Rc6 50. g5 Rc4+ 51. Kf5 Rc5+ 52. Kf6 Rc6+ 53. Ke7 Rc7+ 54.
Kd6 Rc6+ 55. Kd7 Rc3 56. g6 Rd3+ 57. Ke6 Kc4 58. g7 Re3+ 59. Kf5 Rg3 60. Qe2+ 1-0

[Event "*** SCC Grand Prix: Titled Tuesday Blitz"]
[Site "Chess.com"]
[Date "2020.10.13"]
[Round "6"]
[White "Revnov"]
[Black "FairChess_on_YouTube"]
[Result "1-0"]
[WhiteElo "2719"]
[BlackElo "2972"]
[TimeControl "180+1"]
[EndTime "11:08:12 PDT"]
[Termination "Revnov won by resignation"]

1. e4 c5 2. Nf3 e6 3. d4 cxd4 4. Nxd4 Nc6 5. Nc3 Qc7 6. a3 a6 7. Be3 Nf6 8. Bd3 Bd6 9. Qe2 Be5 10. Nf3 Bxc3+ 11. bxc3 d6 12. O-O O-O 13. Bg5 Nd7 14.
Nd2 e5 15. Nc4 Nc5 16. Ne3 Be6 17. a4 Rac8 18. Rfe1 Na5 19. c4 f6 20. Bh4 Qf7 21. Bg3 Nc6 22. f3 Nd4 23. Qd1 Qg6 24. Bf2 Kh8 25.
a5 Rf7 26. Kh1 Qh5 27. Rb1 g5 28. Bf1 Rd7 29. Nd5 Bxd5 30. cxd5 g4 31. c3 Nb5 32. fxg4 Qg6 33. Bxb5 axb5 34. Qf3 Na4 35. Re3 Rdc7 36.
Be1 Rc4 37. h3 Nc5 38. Rxb5 Nxe4 39. Rxb7 Nc5 40. Rb6 Rf4 41. Qe2 Ne4 42. Kh2 h5 43. gxh5 Qf5 44. Rf3 Rg8 45. Rb4 Rxf3 46. Qxf3 Qxf3 47.
gxf3 Ng5 48. Kg2 Ne6+ 49. Kf1 Nf4 50. a6 Nxd5 51. Rb7 Ne3+ 52. Ke2 Nc4 53. a7 Rg2+ 54.
Kd1 Nb2+ 55. Rxb2 Rxb2 56. a8=Q+ Kg7 57. Qe4 Ra2 58. Qg6+ Kf8 59. Qxf6+ Ke8 60. Qg6+ Kd8 61. h6 Kc7 62. Bd2 Ra8 63. h7 Kc6 64. Qg8 1-0

[Event "*** SCC Grand Prix: Titled Tuesday Blitz"]
[Site "Chess.com"]
[Date "2020.10.13"]
[Round "6"]
[White "shnitez"]
[Black "kreonx"]
[Result "0-1"]
[WhiteElo "2508"]
[BlackElo "2373"]
[TimeControl "180+1"]
[EndTime "11:08:12 PDT"]
[Termination "kreonx won by checkmate"]

1. c4 e5 2. Nc3 Nc6 3. Nf3 g6 4. d4 exd4 5. Nxd4 Bg7 6. e3 Nge7 7. Be2 O-O 8. O-O Nxd4 9. exd4 d5 10. c5 Nf5 11. Bf3 Bxd4 12. Nxd5 c6 13. Ne3 Bxc5 14. Nxf5 Bxf5 15. Qb3 Qb6 16. Qc3 Bd4 17. Qa3 Rfe8 18. h4 Bxf2+ 19. Kh2 Bxh4 20. g3 Be7 21. Qc3 Qb4 22. Bd2 Qxc3 23. Bxc3 Bf8 24. g4 Be6 25. Rf2 Bg7 26. Rc1 Bxc3 27. Rxc3 Red8 28. Kg3 Kg7 29. g5 Bd5 30. Bg4 Be6 31. Rcf3 Rd7 32. Bxe6 fxe6 33. Rf6 Re8 34. Re2 e5 35. Kf3 e4+ 36. Kf4 Rf7 37. Rxf7+ Kxf7 38. b4 e3 39. a4 Kg7 40. b5 cxb5 41. axb5 a6 42. bxa6 bxa6 43. Kf3 a5 44. Kg2 a4 45. Kf1 Re5 46. Ra2 e2+ 47. Ke1 Re4 48. Ra3 h6 49. gxh6+ Kxh6 50. Rg3 Kg7 51.
Rg5 Kf6 52. Ra5 g5 53. Rb5 g4 54. Ra5 g3 55. Ra8 g2 56. Rg8 a3 57. Rxg2 a2 58.
Rf2+ Ke5 59. Rf8 a1=Q+ 60. Kf2 e1=Q+ 61. Kg2 Qb2+ 62. Kh3 Rh4# 0-1